 Dungeon Crawl Stone Soup version 0.30-a0-374-g95c0257040 (webtiles) character file.

Game seed: 10741993845534640279

221 KennySheep the Shooter (level 5, 0/28 (31) HPs)
             Began as a Deep Elf Berserker on Nov 27, 2022.
             Was a Believer of Trog.
             Shot with an arrow by a centaur (4 damage)
             ... on level 4 of the Dungeon.
             The game lasted 00:07:09 (3352 turns).

KennySheep the Shooter (Deep Elf Berserker)         Turns: 3352, Time: 00:07:09

HP:   0/28 (31)     AC:  3    Str: 14    XL:     5   Next: 65%
MP:   2/2           EV: 12    Int: 12    God:    Trog [**....]
Gold: 237           SH:  0    Dex: 16    Spells: 4/4 levels left

rFire   . . .      SeeInvis .    a - +1 sling (antimagic)
rCold   + . .      Faith    .    (no shield)
rNeg    . . .      Spirit   .    t - +0 animal skin
rPois   .          Reflect  .    (no helmet)
rElec   .          Harm     .    e - +0 cloak
rCorr   .          Rampage  .    (no gloves)
Will    .....                    (no boots)
Stlth   +++.......               (no amulet)
HPRegen 0.24/turn                m - ring of protection from cold
MPRegen 0.08/turn                (no ring)

@: drained
A: no striking features
a: Renounce Religion, Berserk, Trog's Hand


You were on level 4 of the Dungeon.
You worshipped Trog.
Trog was pleased with you.
You visited 1 branch of the dungeon, and saw 4 of its levels.

You collected 237 gold pieces.

Inventory:

Hand Weapons
 a - a +1 antimagic sling (weapon)
 b - a +0 short sword of electrocution
 g - a +0 short sword
Armour
 e - a +0 cloak (worn)
 t - a +0 animal skin (worn)
Jewellery
 m - a ring of protection from cold (left hand)
 n - a ring of willpower
 p - a +6 ring of intelligence
Scrolls
 d - a scroll of poison {unknown}
 k - a scroll of teleportation {unknown}
 o - a scroll of brand weapon {unknown}
 q - a scroll of fear {unknown}
 r - a scroll of enchant armour {unknown}
 s - a scroll of torment {unknown}
Potions
 c - 4 potions of curing
 f - a potion of might
 h - a potion of degeneration
 i - a potion of cancellation
 j - a potion of resistance {unknown}
 l - a potion of brilliance {unknown}


   Skills:
 - Level 2.4 Fighting
 - Level 3.0 Short Blades
 * Level 5.9 Ranged Weapons
 - Level 1.5 Armour
 - Level 2.4 Dodging
 + Level 4.0 Stealth


You had 4 spell levels left.
You didn't know any spells.
Your spell library was empty.

Dungeon Overview and Level Annotations

Branches:
Dungeon (4/15)
 Temple: D:4-7

Altars:
Zin

Shops:
D:1 :?**


Message History

The orc barely misses you.
You shoot a sling bullet. The sling bullet hits the orc.
You kill the orc!
Trog accepts your kill.
No target in view!
No target in view!
You can't go down here!
Unknown command.
An orc wizard is nearby!
You can't go down here!
You shoot a sling bullet. The orc wizard shouts!
The sling bullet hits the orc wizard!
The orc wizard's magic leaks into the air.
The orc wizard is severely wounded.
You shoot a sling bullet. The sling bullet hits the orc wizard.
You kill the orc wizard!
Trog accepts your kill.
Trog appreciates your killing of a magic user.
Your Stealth skill increases to level 4!
There is a stone staircase leading down here.
You climb downwards.
There is a stone staircase leading up here.
A centaur and an adder come into view.
Found a glowing silver altar of Zin.
The centaur shouts!
You shoot a sling bullet. The adder hisses angrily.
The sling bullet hits the adder.
The adder is heavily wounded.
The centaur wields a +2 shortbow of draining.
You sense an unholy aura.
The centaur shoots an arrow.
The arrow hits you!
You feel drained.
You shoot a sling bullet. The sling bullet hits the adder.
You kill the adder!
Trog accepts your kill.
The centaur shoots an arrow.
The arrow hits you!
* * * LOW HITPOINT WARNING * * *
You feel drained.
You die...

..8..PP........
_.8..PP........
..8............
.............
c...........
#####..........
.....S.........
########c.......
#
#....@†..#.#####
#. #.######## #
#.###.# ...#.#
#.#####.#.#
#.........#
#######<###
...............
###############


You could see a centaur.

Vanquished Creatures
  Crazy Yiuf (D:3)
  3 orc wizards (D:3)
  6 adders
  A gnoll (D:1)
  A worm (D:3)
  3 dart slugs (D:2)
  3 orcs
  8 endoplasms
  A goblin (D:3)
  4 hobgoblins
  2 jackals (D:2)
  4 quokkas
  7 ball pythons
  A bat (D:2)
  4 frilled lizards
  3 kobolds
  6 rats
58 creatures vanquished.

Vanquished Creatures (others)
  4 fungi (D:3)
4 creatures vanquished.

Grand Total: 62 creatures vanquished

Notes
Turn   | Place    | Note
-------+----------+-------------------------------------------
     0 | D:1      | KennySheep the Deep Elf Berserker began the quest for the
                  | Orb.
     0 | D:1      | Reached XP level 1. HP: 13/13 MP: 3/3
    29 | D:1      | Found Kowealok's Book Emporium.
    43 | D:1      | Found Ifegucas's Magic Scroll Emporium.
   103 | D:1      | Reached skill level 1 in Ranged Weapons
   103 | D:1      | Reached skill level 1 in Stealth
   103 | D:1      | Reached XP level 2. HP: 8/18 MP: 4/4
   173 | D:1      | Reached skill level 2 in Ranged Weapons
   261 | D:1      | Found Voppijan's General Store.
   269 | D:1      | Found Seulazxa's General Store.
  1100 | D:1      | Reached XP level 3. HP: 22/22 MP: 5/5
  1209 | D:2      | Reached skill level 3 in Ranged Weapons
  1369 | D:2      | Reached ** piety under Trog
  1565 | D:2      | Found a faded altar of an unknown god.
  2039 | D:3      | HP: 1/22 [worm (10)]
  2144 | D:3      | Reached skill level 4 in Ranged Weapons
  2144 | D:3      | Reached XP level 4. HP: 12/27 MP: 6/6
  2747 | D:3      | Reached skill level 5 in Ranged Weapons
  2747 | D:3      | Reached XP level 5. HP: 26/31 MP: 7/7
  3133 | D:3      | Found a runed translucent door.
  3134 | D:3      | Noticed Crazy Yiuf
  3143 | D:3      | Killed Crazy Yiuf
  3347 | D:4      | Found a glowing silver altar of Zin.
  3347 | D:4      | Noticed a centaur
  3352 | D:4      | Shot with an arrow by a centaur

Illustrated notes

Levels and vault maps discovered:
D:1:      dpeg_arrival_renting, layout_loops_corners, serial_shops, shop,
          nicolae_lakefront_shop, nicolae_shop_trees, nicolae_shop_hallway_plus,
          serial_park_tiny_1, kennysheep_boxes
D:2:      layout_basic, hellmonk_ecumenical_altar_leap_of_faith
D:3:      layout_loops_ring, minmay_circle_x, uniq_crazy_yiuf_cottage
D:4:      layout_basic, mainiacjoe_overflow_chevrons

Skill      XL: |  1  2  3  4  5 |
---------------+----------------+-----
Ranged Weapons | 1 2 4 5 |  5.9
Stealth        | 1 2 3 4 |  4.0
Fighting       | |  2.4
Short Blades   | |  3.0
Armour         | |  1.5
Dodging        | |  2.4

Action                   |  1- 3 |  4- 6 || total
-------------------------+-------+-------++-------
Melee: Short sword       |   136 |    77 ||   213
       Punch             |     1 |     2 ||     3
 Fire: Sling             |       |     7 ||     7
Invok: Berserk           |     2 |     1 ||     3
  Use: Potion            |     2 |       ||     2
       Scroll            |     3 |     2 ||     5
 Stab: Sleeping          |     4 |     5 ||     9
Armor: Animal skin       |    11 |     6 ||    17
Dodge: Dodged            |    71 |    33 ||   104

Table legend: (Time is in decaauts)
 A = Elapsed time spent in this place.
 B = Non-inter-level travel time spent in this place.
 C = Inter-level travel time spent in this place.
 D = Time resting spent in this place.
 E = Time spent auto-exploring this place.
 F = Levels seen in this place.
 G = Mean time per level.
                   A        B        C        D        E       F      G
               +--------+--------+--------+--------+--------+-----+--------+
         Total |   3345 |   3147 |    198 |    336 |   2159 |   4 |  836.2 |
       Dungeon |   3345 |   3147 |    198 |    336 |   2159 |   4 |  836.2 |
               +--------+--------+--------+--------+--------+-----+--------+

Top non-repeatable levels by time:
     D:1: 1188 daAuts
     D:3: 1083 daAuts
     D:2: 1014 daAuts
     D:4: 59 daAuts
